 Dungeon Crawl Stone Soup version 0.30-a0-743-gbfdf073431 (console) character file.

Game seed: 17338264952059085399

85 Banquo the Magician (level 4, -9/32 HPs)
             Began as a Djinni Earth Elementalist on Feb 6, 2023.
             Was an Initiate of Qazlal.
             Mangled by Grinder (10 damage)
             ... on level 3 of the Dungeon.
             The game lasted 00:07:03 (1796 turns).

Banquo the Magician (Djinni Earth Elementalist)     Turns: 1796, Time: 00:07:03

Health: -9/32      AC:  2    Str:  7    XL:     4   Next: 75%
Gold:   156        EV: 12    Int: 19    God:    Qazlal [......] SH:  5 Dex: 13

rFire   + + .      SeeInvis .    h - +0 dagger
rCold   x . .      Faith    .    (no shield)
rNeg    . . .      Spirit   .    a - +0 robe
rPois   ∞          Reflect  +    (no helmet)
rElec   .          Harm     .    (no cloak)
rCorr   .          Rampage  .    (no gloves)
Will    .....                    (boots unavailable)
Stlth   ++                       l - amulet of reflection
HPRegen 0.25/turn                (no ring)
MPRegen 0.00/turn                (no ring)

@: flying
A: sickness immunity, fire resistance 2, cold vulnerability 1, float, innate
caster, HP casting, extra vitality 1
a: Renounce Religion


You were on level 3 of the Dungeon.
You worshipped Qazlal.
Qazlal was noncommittal.
You visited 1 branch of the dungeon, and saw 3 of its levels.

You collected 156 gold pieces.

Inventory:

Hand Weapons
 h - a +0 dagger (weapon)
Missiles
 j - 5 boomerangs
Armour
 a - a +0 robe (worn)
Magical Staves
 f - a staff of fire
Jewellery
 l - an amulet of reflection (around neck)
Scrolls
 c - 3 scrolls of blinking {unknown}
 d - 7 scrolls of identify {unknown}
 g - 2 scrolls of noise {unknown}
 m - a scroll of immolation {unknown}
 n - a scroll of enchant weapon {unknown}
 o - a scroll of magic mapping {unknown}
 p - 2 scrolls of silence {unknown}
 r - a scroll of teleportation {unknown}
 t - a scroll of fog {unknown}
Potions
 b - a potion of magic
 e - 4 potions of flight {unknown}
 i - a potion of lignification {unknown}
 k - 2 potions of curing
 q - a potion of berserk rage {unknown}
 s - a potion of brilliance {unknown}


   Skills:
 * Level 1.4 Fighting
 * Level 2.3 Dodging
 - Level 1.5 Stealth
 + Level 3.6 Spellcasting
 * Level 0.2 Invocations


You couldn't memorise any spells.
You knew the following spells:

 Your Spells              Type           Power      Damage    Failure   Level
a - Sandblast             Erth           34%        2d9       3%          1
b - Passwall              Tmut/Erth      14%        N/A       4%          2
c - Stone Arrow           Conj/Erth      34%        3d9       10%         3
d - Petrify               Tmut/Erth      17%        N/A       30%         4
e - Beastly Appendage     Tmut           34%        N/A       3%          1
Your spell library was empty.

Dungeon Overview and Level Annotations

Branches:
Dungeon (3/15)

Altars:
Ashenzari
Nemelex Xobeh
Qazlal
Yredelemnul

Annotations:
D:3 1 runed translucent door, Crazy Yiuf, Grinder, Sigmund, Terence


Innate Abilities, Weirdness & Mutations

You are immune to sickness and miasma.
You are immune to poison.
Your flesh is very heat resistant. (rF++)
You are vulnerable to cold. (rC-)
You float through the air rather than walking.
You learn spells naturally, not from books.
Your magical power is your life essence.
You have superior vitality. (+4 MHP)


Message History

Casting: Sandblast (safe; 3% risk of failure)
Confirm with . or Enter, or press ? or * to list all spells.
Aiming: Sandblast (safe; 3% risk of failure)
Press: ? - help, Shift-Dir - straight line, f/p - Grinder
Aim: Grinder (80% to hit)
The blast of sand hits Grinder!
Grinder is moderately wounded.
Grinder hits you.
You writhe in agony.
Casting: Sandblast (safe; 3% risk of failure)
Confirm with . or Enter, or press ? or * to list all spells.
Aiming: Sandblast (safe; 3% risk of failure)
Press: ? - help, Shift-Dir - straight line, f/p - Grinder
Aim: Grinder (moderately wounded, 80% to hit)
The blast of sand misses Grinder.
Grinder hits you.
* * * LOW HITPOINT WARNING * * *
You writhe in agony.
* * * LOW HITPOINT WARNING * * *
Grinder hits you.
* * * LOW HITPOINT WARNING * * *
Casting: Sandblast (safe; 3% risk of failure)
Confirm with . or Enter, or press ? or * to list all spells.
Aiming: Sandblast (safe; 3% risk of failure)
Press: ? - help, Shift-Dir - straight line, f/p - Grinder
Aim: Grinder (lightly wounded, 80% to hit)
The blast of sand hits Grinder.
Grinder is moderately wounded.
* * * LOW HITPOINT WARNING * * *
Grinder gestures at you. Pain shoots through your body!
* * * LOW HITPOINT WARNING * * *
Casting: Sandblast (safe; 3% risk of failure)
Confirm with . or Enter, or press ? or * to list all spells.
Aiming: Sandblast (safe; 3% risk of failure)
Press: ? - help, Shift-Dir - straight line, f/p - Grinder
Aim: Grinder (moderately wounded, 80% to hit)
The blast of sand hits Grinder!
Grinder is heavily wounded.
* * * LOW HITPOINT WARNING * * *
Grinder hits you!
You die...

g.... ######## g.....
#......######### #.....
#............... #..?..#
#.....##..#..##. #....
#.(..##..## .#
##...5###...###..#
#.......)...# #.####
....###..###5######8#####
. #...# #@##8_.._.._8 #
##...# #..##~.....~# .#
#....###..##~~...~~# .@#
#..#...##..##~≈.~≈# ..#
.....###...#..##≈.~# ..#
#####. ###.....##'##..#
##..........# #
###.......#### #.
##.....†.###


You could see Grinder.

Vanquished Creatures
  An adder (D:3)
  2 worms (D:2)
  A dart slug (D:1)
  3 ball pythons
  5 endoplasms
  2 giant cockroaches (D:1)
  9 hobgoblins
  6 jackals
  A quokka (D:1)
  7 bats
  2 frilled lizards (D:1)
  7 goblins
  6 kobolds
  8 rats
60 creatures vanquished.

Notes
Turn   | Place    | Note
-------+----------+-------------------------------------------
     0 | D:1      | Banquo the Djinni Earth Elementalist began the quest for
                  | the Orb.
     0 | D:1      | Banquo set off with the following spells memorised:
                  | Sandblast, Passwall, Stone Arrow, Petrify.
     0 | D:1      | Reached XP level 1. HP: 15/15 MP: 0/0
   170 | D:1      | Reached XP level 2. HP: 21/22 MP: 0/0
   351 | D:1      | Reached skill level 3 in Spellcasting
   368 | D:1      | Reached XP level 3. HP: 24/26 MP: 0/0
   368 | D:1      | Learned a level 1 spell: Beastly Appendage
   456 | D:1      | Reached skill level 1 in Fighting
   778 | D:2      | Found a stormy altar of Qazlal.
   793 | D:2      | Became a worshipper of Qazlal Stormbringer
   885 | D:2      | Reached XP level 4. HP: 23/32 MP: 0/0
  1181 | D:2      | Found a faded altar of an unknown god.
  1464 | D:3      | Noticed Sigmund
  1634 | D:3      | Found a runed translucent door.
  1635 | D:3      | Noticed Crazy Yiuf
  1750 | D:3      | Found a broken altar of Ashenzari.
  1750 | D:3      | Found a sparkling altar of Nemelex Xobeh.
  1751 | D:3      | Found a basalt altar of Yredelemnul.
  1752 | D:3      | Noticed Terence
  1779 | D:3      | Noticed Grinder
  1796 | D:3      | Mangled by Grinder

Illustrated notes

Levels and vault maps discovered:
D:1:      minmay_arrival_checkered_box, layout_loops_cross,
          kennysheep_nondescript, minmay_pentomino_r4
D:2:      layout_basic, basic_altar, chequers_ecumenical_altar_simple_redux,
          kennysheep_generic_room_13
D:3:      layout_rooms, gammafunk_temple_overflow_claw, grunt_ministairs_6,
          uniq_grinder, uniq_crazy_yiuf_cottage, uniq_robin, uniq_natasha,
          uniq_sigmund, uniq_terence

Skill      XL: |  1  2  3 |
---------------+----------+-----
Spellcasting   | 3 |  3.6
Fighting       | 1 |  1.4
Dodging        | |  2.3
Stealth        | |  1.5
Invocations    | |  0.2

Action                     |  1- 3 |  4- 6 || total
---------------------------+-------+-------++-------
   Cast: Sandblast         |    54 |    29 ||    83
         Stone Arrow       |       |     1 ||     1
 Armour: Robe              |     2 |     2 ||     4
  Dodge: Dodged            |     7 |     4 ||    11
  Block: Other             |     1 |     2 ||     3

Table legend: (Time is in decaauts)
 A = Elapsed time spent in this place.
 B = Non-inter-level travel time spent in this place.
 C = Inter-level travel time spent in this place.
 D = Time resting spent in this place.
 E = Time spent auto-exploring this place.
 F = Levels seen in this place.
 G = Mean time per level.
                   A        B        C        D        E       F      G
               +--------+--------+--------+--------+--------+-----+--------+
         Total |   1836 |   1647 |    189 |      0 |   1213 |   3 |  612.0 |
       Dungeon |   1836 |   1647 |    189 |      0 |   1213 |   3 |  612.0 |
               +--------+--------+--------+--------+--------+-----+--------+

Top non-repeatable levels by time:
     D:1: 839 daAuts
     D:2: 739 daAuts
     D:3: 257 daAuts
